[Event "Titled Tuesday Blitz February 15 Early 2022"]
[White "Bon, Michael"]
[Black "Petrova, Irina"]
[WhiteFideId "620696"]
[BlackFideId "14124122"]
[WhiteElo "2436"]
[BlackElo "1988"]
[Result "1-0"]
[Round "10"]
[TimeControl "180+1"]
[Date "2022.02.15"]
[WhiteClock "0:00:32"]
[BlackClock "0:00:54"]

1. e4 e5 2. f4 exf4 3. Nc3 Ne7 4. Bc4 d5 5. Nxd5 Nxd5 6. Bxd5 Bd6 7. Nf3 O-O 8. d4 c6 9. Bb3 Be6 10. O-O Bxb3 11. axb3 c5 12. e5 Bc7 13. d5 Nd7 14. Bxf4 Re8 15. Re1 Nf8 16. c4 Ng6 17. Bg3 h5 18. h3 h4 19. Bh2 f6 20. d6 Bb8 21. e6 Ne5 22. Bxe5 fxe5 23. d7 Rxe6 24. Qd5 Kf7 25. Nxe5+ Bxe5 26. Rxe5 Qe7 27. Rf1+ 1-0


[Site "https://www.chess.com"]

[Event "Titled Tuesday Blitz February 15 Early 2022"]
[White "Bortnyk, Olexandr"]
[Black "Daneshvar, Bardiya"]
[WhiteFideId "14120828"]
[BlackFideId "12576468"]
[WhiteElo "2723"]
[BlackElo "2295"]
[Result "1-0"]
[Round "10"]
[TimeControl "180+1"]
[Date "2022.02.15"]
[WhiteClock "0:00:09"]
[BlackClock "0:00:07"]

1. e4 c6 2. d4 d5 3. Nc3 dxe4 4. Nxe4 Nf6 5. Nxf6+ exf6 6. c3 Bd6 7. Bd3 O-O 8. Qc2 Re8+ 9. Ne2 h5 10. O-O Nd7 11. Nf4 Qc7 12. Nxh5 Bxh2+ 13. Kh1 Bd6 14. f4 c5 15. Bc4 Nf8 16. Qd3 Bg4 17. Ng3 Rac8 18. d5 Ng6 19. Ne4 f5 20. Nxd6 Qxd6 21. Be3 Re4 22. Rae1 Rce8 23. Bb5 R8e7 24. Qd2 Nxf4 25. Bxf4 Rxf4 26. Rxf4 Rxe1+ 27. Qxe1 Qxf4 28. Qe8+ Kh7 29. Qe7 Qc1+ 30. Kh2 Qf4+ 31. Kg1 Qc1+ 32. Bf1 Qd2 33. d6 f4 34. Qh4+ Kg8 35. Qd8+ Kh7 36. Qh4+ Kg8 37. Qxg4 Qxd6 38. Qc8+ Kh7 39. Qxb7 Qd2 40. Qxf7 Qe3+ 41. Kh1 Qc1 42. Qh5+ Kg8 43. Qe8+ Kh7 44. Qe2 1-0


[Site "https://www.chess.com"]

[Event "Titled Tuesday Blitz February 15 Early 2022"]
[White "Bures, Vit"]
[Black "Murthy, Pappu"]
[WhiteFideId "309052"]
[BlackFideId "2013401"]
[WhiteElo "2118"]
[BlackElo "1948"]
[Result "1/2-1/2"]
[Round "10"]
[TimeControl "180+1"]
[Date "2022.02.15"]
[WhiteClock "0:00:15"]
[BlackClock "0:00:03"]

1. d4 Nf6 2. c4 c5 3. d5 b5 4. cxb5 a6 5. bxa6 g6 6. Nc3 Bg7 7. e4 O-O 8. a7 Rxa7 9. Nf3 Qa5 10. Bd2 Qb4 11. Qc2 d6 12. Nb5 Qa4 13. b3 Qxe4+ 14. Qxe4 Nxe4 15. Nxa7 Bxa1 16. Bd3 Nxd2 17. Kxd2 Bf6 18. Re1 Ba6 19. Bxa6 Nxa6 20. Nc6 Re8 21. h4 h5 22. a3 Kf8 23. Kc2 Nc7 24. Rd1 Ra8 25. a4 Ra6 26. Nb8 Ra7 27. Nd7+ Ke8 28. Nxf6+ exf6 29. Kc3 Kd7 30. Rd3 Na6 31. Nd2 Nb4 32. Rf3 f5 33. Kc4 Ra8 34. Re3 Na6 35. Nb1 Rb8 36. g3 Rb4+ 37. Kc3 Nc7 38. Rd3 Ke7 39. Nd2 Kf6 40. Nc4 Ke7 41. Ne3 Kd7 42. Rd1 Re4 43. Nc4 Ke7 44. Rd2 Kd7 45. Nb6+ 1/2-1/2


[Site "https://www.chess.com"]

[Event "Titled Tuesday Blitz February 15 Early 2022"]
[White "Carrasco Miranda, Andres"]
[Black "Loy, Konstantin"]
[WhiteFideId "3405990"]
[BlackFideId "14122499"]
[WhiteElo "2177"]
[BlackElo "2084"]
[Result "0-1"]
[Round "10"]
[TimeControl "180+1"]
[Date "2022.02.15"]
[WhiteClock "0:00:48"]
[BlackClock "0:00:20"]

1. d4 Nf6 2. c4 c5 3. d5 b5 4. cxb5 a6 5. bxa6 Bxa6 6. Nc3 g6 7. Nf3 Qa5 8. Bd2 Bg7 9. e4 Bxf1 10. Kxf1 O-O 11. g3 d6 12. Kg2 Nbd7 13. h3 Rfb8 14. b3 Ne8 15. Qc2 Nc7 16. a4 Ne5 17. Nxe5 Bxe5 18. Nb5 Qb6 19. Nxc7 Qxc7 20. Bc3 Bxc3 21. Qxc3 Qb6 22. Rab1 Qb4 23. Qxb4 Rxb4 24. Rhe1 Rab8 25. e5 Rxb3 26. Rxb3 Rxb3 27. exd6 exd6 28. Re8+ Kg7 29. Rd8 Ra3 30. Rxd6 Rxa4 31. Rc6 Ra5 32. Kf3 Kf8 33. d6 Ke8 34. Rc7 Ra6 35. Rxc5 Rxd6 36. h4 Ke7 37. Re5+ Kf6 38. Ra5 Rb6 39. Kg2 Re6 40. Rb5 Re5 41. Rxe5 Kxe5 42. Kf3 f5 43. Ke3 f4+ 44. Kf3 Kf5 45. g4+ Ke5 46. Ke2 Ke4 47. g5 f3+ 48. Kd2 Kf4 49. Kd3 Kg4 50. Ke4 Kxh4 51. Kf4 Kh5 52. Kxf3 Kxg5 53. Kg3 h5 54. Kf3 Kh4 55. Kf4 g5+ 56. Kf3 Kh3 57. Ke4 Kg2 58. Kf5 h4 59. Kxg5 h3 60. f4 h2 61. f5 h1=Q 62. Kg6 Qh8 63. Kf7 Qh7+ 64. Ke6 Qg8+ 65. Ke7 Qg7+ 66. Ke6 Qf8 0-1


[Site "https://www.chess.com"]

[Event "Titled Tuesday Blitz February 15 Early 2022"]
[White "Chigaev, Maksim"]
[Black "Sarana, Alexey"]
[WhiteFideId "4108116"]
[BlackFideId "24133795"]
[WhiteElo "2502"]
[BlackElo "2665"]
[Result "0-1"]
[Round "10"]
[TimeControl "180+1"]
[Date "2022.02.15"]
[WhiteClock "0:00:05"]
[BlackClock "0:00:09"]

1. d4 Nf6 2. c4 e6 3. Nf3 d5 4. g3 Bb4+ 5. Nbd2 dxc4 6. Bg2 b5 7. Ne5 Nd5 8. a4 c6 9. O-O O-O 10. e4 Ne7 11. Ndf3 Bb7 12. Qe2 Nd7 13. Ng4 a6 14. Rd1 c5 15. dxc5 Qc8 16. Bh6 Nxc5 17. Qe3 Ng6 18. Bxg7 Nxe4 19. Bxf8 Bxf8 20. Nd4 Nd6 21. Nf6+ Kg7 22. Nh5+ Kg8 23. Bxb7 Qxb7 24. axb5 axb5 25. Rxa8 Qxa8 26. Nf6+ Kg7 27. Nd7 Be7 28. Ne5 Qa6 29. Ndc6 Nf5 30. Qe1 Bf6 31. Rd7 Nh6 32. Qe4 b4 33. Ra7 Qb5 34. Nxf7 Nxf7 35. Qxe6 Nh8 36. Ne7 Bxe7 37. Rxe7 c3 38. bxc3 bxc3 39. Rc7 Qb1+ 40. Kg2 Qd3 41. Qe5+ Kh6 42. Rc6+ Ng6 43. Qxc3 Qe4+ 44. f3 Qe2+ 45. Kg1 Ne5 46. Qc1+ Kg7 47. Rc7+ Kf6 48. Qc3 Ke6 49. Rc6+ Kd7 50. Rf6 Qd1+ 51. Kf2 Nd3+ 52. Ke3 Nde5 53. Qd4+ Qxd4+ 54. Kxd4 Ke7 55. Rf5 Ke6 56. Ke4 Nc4 57. Rc5 Nd6+ 58. Ke3 Ne5 59. f4 Nd7 60. Rh5 Nf6 61. Rh6 Nf5+ 62. Kf3 Nxh6 63. h3 Kf5 64. g4+ Nhxg4 65. hxg4+ Nxg4 0-1


[Site "https://www.chess.com"]

[Event "Titled Tuesday Blitz February 15 Early 2022"]
[White "Cori T., Deysi"]
[Black "Firat, Burak"]
[WhiteFideId "3801934"]
[BlackFideId "6305881"]
[WhiteElo "2350"]
[BlackElo "2419"]
[Result "1-0"]
[Round "10"]
[TimeControl "180+1"]
[Date "2022.02.15"]
[WhiteClock "0:00:08"]
[BlackClock "0:00:11"]

1. d4 c5 2. e3 Nf6 3. Nf3 g6 4. Nbd2 Bg7 5. Bd3 b6 6. O-O Bb7 7. dxc5 bxc5 8. e4 O-O 9. e5 Nd5 10. Re1 Nc6 11. Nc4 Nc7 12. Bg5 Ne6 13. Bh4 Qc7 14. c3 Rfe8 15. Qd2 Ba6 16. Rad1 Rad8 17. Bg3 Rb8 18. Ne3 Bxd3 19. Qxd3 Rxb2 20. Nd5 Qb7 21. a4 Rb8 22. h4 Qb3 23. Ne3 Rd8 24. Ra1 Qb8 25. Nc4 Rb7 26. a5 Rb5 27. a6 Rb3 28. Nfd2 Rb5 29. h5 Qc7 30. Nf3 Rdb8 31. Rad1 Rd8 32. Nd6 exd6 33. Qxb5 dxe5 34. hxg6 hxg6 35. Qc4 d6 36. Rb1 d5 37. Qe2 f6 38. Rb7 Qd6 39. Rd1 Rd7 40. Qb5 Kh7 41. Rxd7 Qxd7 42. Qb7 Qd6 43. Nd2 d4 44. Nc4 Qc7 45. cxd4 cxd4 46. Rc1 Bf8 47. Nxe5 fxe5 48. Rxc6 Qg7 49. Rxe6 d3 50. Qd5 Qf7 51. Rxe5 1-0


[Site "https://www.chess.com"]

[Event "Titled Tuesday Blitz February 15 Early 2022"]
[White "Coto Mederos, Michel"]
[Black "Kucuksari, Kaan"]
[WhiteFideId "3508528"]
[BlackFideId "6380166"]
[WhiteElo "2427"]
[BlackElo "2305"]
[Result "0-1"]
[Round "10"]
[TimeControl "180+1"]
[Date "2022.02.15"]
[WhiteClock "0:00:22"]
[BlackClock "0:00:34"]

1. d4 Nf6 2. c4 c6 3. Nf3 d5 4. Nc3 e6 5. cxd5 exd5 6. Bg5 Be7 7. e3 Bf5 8. Bd3 Bxd3 9. Qxd3 O-O 10. O-O Nbd7 11. Nd2 Re8 12. Rab1 a5 13. Rbe1 h6 14. Bh4 Nf8 15. f3 Ne6 16. Bf2 a4 17. e4 Nh5 18. g3 Bb4 19. e5 a3 20. b3 Qg5 21. Kh1 Nhf4 22. Qe3 Nh3 23. f4 Qf5 24. Rc1 c5 25. Ne2 Bxd2 26. Qxd2 Qe4# 0-1


[Site "https://www.chess.com"]

[Event "Titled Tuesday Blitz February 15 Early 2022"]
[White "Cramling Bellon, Anna"]
[Black "Sargissyan, Sargis"]
[WhiteFideId "32009232"]
[BlackFideId "13303210"]
[WhiteElo "1905"]
[BlackElo "2174"]
[Result "1/2-1/2"]
[Round "10"]
[TimeControl "180+1"]
[Date "2022.02.15"]
[WhiteClock "0:00:12"]
[BlackClock "0:00:04"]

1. d4 Nf6 2. c4 g6 3. Nc3 d5 4. cxd5 Nxd5 5. e4 Nxc3 6. bxc3 Bg7 7. Qa4+ Nd7 8. Nf3 O-O 9. Bg5 c5 10. Qa3 h6 11. Bh4 Nf6 12. Bd3 cxd4 13. cxd4 Bg4 14. Qb2 Bxf3 15. gxf3 Nxe4 16. Bxe4 Bxd4 17. Qxb7 Rb8 18. Qxe7 Qa5+ 19. Kf1 Bxa1 20. Kg2 Rfe8 21. Qd6 Be5 22. Qd3 Rbd8 23. Bxd8 Rxd8 24. Qc2 Bb8 25. Rd1 Qg5+ 26. Kh1 Rxd1+ 27. Qxd1 Qf4 28. Qg1 Kg7 29. Qg3 Qc1+ 30. Qg1 Qc7 31. Qg3 Qc1+ 32. Qg1 Qf4 33. Qg3 Qc1+ 1/2-1/2


[Site "https://www.chess.com"]

[Event "Titled Tuesday Blitz February 15 Early 2022"]
[White "Dauner, Benedikt"]
[Black "Liyanage, Ranindu Dilshan"]
[WhiteFideId "16225899"]
[BlackFideId "9915834"]
[WhiteElo "2230"]
[BlackElo "1858"]
[Result "0-1"]
[Round "10"]
[TimeControl "180+1"]
[Date "2022.02.15"]
[WhiteClock "0:00:03"]
[BlackClock "0:00:14"]

1. d4 d5 2. c4 e6 3. Nc3 Bb4 4. cxd5 exd5 5. Bf4 c5 6. e3 Nc6 7. Nf3 Nf6 8. Be2 Bg4 9. O-O Bxf3 10. Bxf3 cxd4 11. exd4 O-O 12. Rc1 h6 13. a3 Bd6 14. Qd2 Na5 15. Bxd6 Qxd6 16. Qd3 Rac8 17. Rfe1 Rfd8 18. Re2 Nc4 19. Rce1 Qc6 20. Nb1 Qb6 21. b3 Na5 22. Nd2 Qd6 23. b4 Nc4 24. g3 g6 25. Kg2 h5 26. h4 Kg7 27. Nf1 Qa6 28. Ra1 Re8 29. Ne3 Nxe3+ 30. Rxe3 Qxd3 31. Rxd3 Rc4 32. Rd2 Ne4 33. Bxe4 Rxe4 34. Rad1 Rc3 35. Rd3 Rc4 36. Kf3 Kf6 37. R1d2 Ke6 38. Kg2 Kd6 39. f3 Re6 40. Kf2 Kc6 41. g4 hxg4 42. fxg4 Re4 43. Kf3 Rc1 44. Rf2 Rh1 45. Kg3 Rg1+ 46. Kh3 Rgxg4 47. Rxf7 Rxh4+ 48. Kg3 Rxd4 49. Rxd4 Rxd4 50. Rf6+ Kb5 51. Rxg6 Rd3+ 52. Kf4 Rxa3 53. Rg7 b6 54. Ke5 Kxb4 55. Kxd5 a5 56. Rg4+ Kb5 57. Kd6 Rd3+ 58. Kc7 a4 59. Rg6 Rc3+ 60. Kb7 Kc4 61. Rc6+ Kb3 62. Rxb6+ Ka2 63. Ka6 a3 64. Ka5 Rb3 65. Rh6 Kb2 66. Ka4 a2 67. Rh2+ Kc3 68. Rxa2 Rb7 69. Ra3+ Kc4 0-1


[Site "https://www.chess.com"]

[Event "Titled Tuesday Blitz February 15 Early 2022"]
[White "Deac, Bogdan-Daniel"]
[Black "Gozzoli, Yannick"]
[WhiteFideId "1226380"]
[BlackFideId "616915"]
[WhiteElo "2646"]
[BlackElo "2609"]
[Result "0-1"]
[Round "10"]
[TimeControl "180+1"]
[Date "2022.02.15"]
[WhiteClock "0:00:21"]
[BlackClock "0:02:09"]

1. e4 e5 2. Nf3 Nc6 3. Bb5 a6 4. Ba4 Nf6 5. O-O b5 6. Bb3 Bb7 7. d3 Bc5 8. Nc3 O-O 9. a4 Na5 10. Ba2 b4 11. Ne2 Re8 12. Ng3 d5 13. Bg5 h6 14. Bxf6 Qxf6 15. exd5 Rad8 16. Ne4 Qb6 17. Nxe5 b3 18. Bxb3 Nxb3 19. cxb3 Rxe5 20. Nxc5 Qxc5 21. d4 Qxd5 0-1


[Site "https://www.chess.com"]

[Event "Titled Tuesday Blitz February 15 Early 2022"]
[White "Demchenko, Anton"]
[Black "Kezin, Roman"]
[WhiteFideId "4160258"]
[BlackFideId "24124621"]
[WhiteElo "2539"]
[BlackElo "2509"]
[Result "1-0"]
[Round "10"]
[TimeControl "180+1"]
[Date "2022.02.15"]
[WhiteClock "0:00:05"]
[BlackClock "0:00:01"]

1. e4 c5 2. Nf3 e6 3. d4 cxd4 4. Nxd4 Nc6 5. Nb5 d6 6. c4 a6 7. Nd4 Nf6 8. Nc3 Be7 9. Be2 O-O 10. Be3 Qc7 11. O-O Ne5 12. Rc1 b6 13. f4 Ned7 14. Bf3 Bb7 15. b4 Rfe8 16. g4 e5 17. Nd5 Qd8 18. Nf5 Bf8 19. g5 Nxd5 20. exd5 exf4 21. Bxf4 Ne5 22. Bg2 Rc8 23. Qd4 g6 24. Nh6+ Bxh6 25. gxh6 Qc7 26. Kh1 Rcd8 27. Bg3 f5 28. Rfe1 g5 29. Bf2 Ng4 30. Bg1 Nxh6 31. Qf6 Qg7 32. Rxe8+ Rxe8 33. Qxd6 Ng4 34. Qxb6 Bc8 35. d6 Be6 36. c5 f4 37. Qc6 Rf8 38. Qe4 Bf5 39. Qd5+ Kh8 40. Bd4 Rf6 41. Bxf6 Qxf6 42. d7 Bxd7 43. Qxd7 Ne3 44. Qc6 Qb2 45. Rg1 Qf2 46. Qf3 1-0


[Site "https://www.chess.com"]

[Event "Titled Tuesday Blitz February 15 Early 2022"]
[White "Desideri, Ricardo Maruchi"]
[Black "Novikova, Galina"]
[WhiteFideId "2110440"]
[BlackFideId "4157095"]
[WhiteElo "1945"]
[BlackElo "1863"]
[Result "0-1"]
[Round "10"]
[TimeControl "180+1"]
[Date "2022.02.15"]
[WhiteClock "0:00:03"]
[BlackClock "0:01:07"]

1. e4 e6 2. d4 d5 3. e5 c5 4. c3 Nc6 5. Nf3 Bd7 6. Bd3 f6 7. O-O Qc7 8. Re1 O-O-O 9. b4 cxd4 10. cxd4 Nxb4 11. Bf4 g5 12. Bg3 g4 13. exf6 Bd6 14. Ne5 Nxd3 15. Qxd3 Nxf6 16. Nf7 Bxg3 17. hxg3 Kb8 18. Nxh8 Rxh8 19. Nd2 h5 20. Rac1 Qd6 21. Nb3 h4 22. Nc5 Bc8 23. Qe3 Ka8 24. Qe5 Qf8 25. Nxe6 Bxe6 26. Qxe6 h3 27. Rc7 hxg2 28. Kxg2 Ne4 29. Rf7 Qd8 30. Rd7 Qf8 31. Rf7 Qa3 32. Rb1 Rb8 33. Qxd5 Nc3 34. Qxb7+ Rxb7 0-1


[Site "https://www.chess.com"]

[Event "Titled Tuesday Blitz February 15 Early 2022"]
[White "Devaev, Alexander"]
[Black "Tay, Junior"]
[WhiteFideId "4169395"]
[BlackFideId "5800439"]
[WhiteElo "2185"]
[BlackElo "2216"]
[Result "0-1"]
[Round "10"]
[TimeControl "180+1"]
[Date "2022.02.15"]
[WhiteClock "0:00:12"]
[BlackClock "0:00:41"]

1. d4 Nf6 2. c4 Nc6 3. d5 Ne5 4. e3 e6 5. a3 a5 6. Nc3 Bc5 7. h3 O-O 8. Nge2 Nxc4 9. e4 exd5 10. Nxd5 Nxe4 11. Nd4 Re8 12. Be2 Nxf2 13. Kxf2 Qh4+ 14. g3 Qxd4+ 15. Qxd4 Bxd4+ 16. Kf1 Ne3+ 17. Bxe3 Bxe3 18. Nxc7 b6 19. Nxe8 Bb7 20. Nd6 Bxh1 21. Bb5 Bc5 22. Ne4 Bxe4 0-1


[Site "https://www.chess.com"]

[Event "Titled Tuesday Blitz February 15 Early 2022"]
[White "Dilmukhametov, Artur"]
[Black "Winkels, Marcel"]
[WhiteFideId "24179922"]
[BlackFideId "1003887"]
[WhiteElo "2266"]
[BlackElo "1900"]
[Result "0-1"]
[Round "10"]
[TimeControl "180+1"]
[Date "2022.02.15"]
[WhiteClock "0:00:09"]
[BlackClock "0:00:36"]

1. d4 Nf6 2. c4 g6 3. Nc3 d5 4. Nf3 Bg7 5. Bg5 Ne4 6. cxd5 Nxg5 7. Nxg5 c6 8. dxc6 Nxc6 9. e3 e5 10. Nf3 exd4 11. exd4 Nxd4 12. Nxd4 Qxd4 13. Qxd4 Bxd4 14. Bc4 O-O 15. O-O Bf5 16. Rad1 Rad8 17. Ne2 Bb6 18. g3 h5 19. h4 Rfe8 20. Nf4 Bg4 21. Rxd8 Rxd8 22. Re1 Bf5 23. Bd5 Bc5 24. Bxb7 Rb8 25. Bf3 Rxb2 26. Re2 Rxe2 27. Bxe2 Bd6 28. Kg2 a5 29. f3 a4 30. Bc4 a3 31. Nd5 Be6 32. Nf6+ Kf8 33. Bxe6 fxe6 34. g4 hxg4 35. fxg4 Kg7 36. Ne4 Be5 37. Kf3 Bb2 38. h5 gxh5 39. gxh5 Kh6 40. Kg4 e5 41. Kh4 Bd4 42. Kg4 Be3 43. Nf6 Bg5 44. Ne4 Bf4 45. Nd6 Bh2 46. Kh3 Bf4 47. Kg4 Bh2 48. Kh3 Bg1 49. Nc4 e4 50. Nxa3 e3 51. Kg2 e2 52. Kxg1 e1=Q+ 53. Kg2 Qd2+ 54. Kf3 Qd3+ 55. Kf2 Qxa3 56. Ke2 Qxa2+ 57. Ke3 Kxh5 58. Kf3 Kg5 59. Ke3 Qc4 60. Kf3 Qd3+ 61. Kf2 Kf4 62. Kg2 Qf3+ 63. Kg1 Qe2 64. Kh1 Kg3 65. Kg1 Qg2# 0-1


[Site "https://www.chess.com"]

[Event "Titled Tuesday Blitz February 15 Early 2022"]
[White "Dobrov, Vladimir"]
[Black "Seo, Jung Min"]
[WhiteFideId "4136594"]
[BlackFideId "1734687"]
[WhiteElo "2614"]
[BlackElo "2401"]
[Result "1-0"]
[Round "10"]
[TimeControl "180+1"]
[Date "2022.02.15"]
[WhiteClock "0:00:39"]
[BlackClock "0:01:16"]

1. d4 Nf6 2. c4 g6 3. Nc3 d5 4. cxd5 Nxd5 5. e4 Nxc3 6. bxc3 Bg7 7. Nf3 c5 8. Rb1 cxd4 9. cxd4 Qa5+ 10. Bd2 Qxa2 11. Bb5+ Nd7 12. O-O O-O 13. Re1 Nf6 14. d5 Bg4 15. Bb4 Bxf3 16. gxf3 a6 17. Re2 axb5 18. Rxa2 Rxa2 19. Bxe7 Re8 20. Qb3 Raa8 21. Bc5 Nd7 22. Be3 Ne5 23. Qxb5 Nxf3+ 24. Kg2 Nh4+ 25. Kh3 Rxe4 26. d6 Bf6 27. Qxb7 Ree8 28. d7 Rf8 29. Bc5 Rfd8 30. Rb6 Bg5 31. f4 1-0


[Site "https://www.chess.com"]

[Event "Titled Tuesday Blitz February 15 Early 2022"]
[White "Domingo Nunez, Alejandro"]
[Black "Klyashtorny, Vladislav"]
[WhiteFideId "22245561"]
[BlackFideId "4170938"]
[WhiteElo "2215"]
[BlackElo "2379"]
[Result "1-0"]
[Round "10"]
[TimeControl "180+1"]
[Date "2022.02.15"]
[WhiteClock "0:01:06"]
[BlackClock "0:00:37"]

1. d4 d5 2. g3 Nf6 3. Bg2 h5 4. Nf3 Nc6 5. Nc3 Bg4 6. Bg5 Ne4 7. Bf4 Nxc3 8. bxc3 f6 9. Rb1 b6 10. Qd3 Kf7 11. e4 e6 12. O-O g5 13. Be3 Na5 14. exd5 exd5 15. Bxg5 Bxf3 16. Qxf3 c6 17. Rbe1 Kg7 18. Bh4 Nc4 19. Qd3 Be7 20. Re6 Rc8 21. Rfe1 Rc7 22. Qf5 Rh6 23. Bg5 fxg5 24. Rxh6 Kxh6 25. Re6+ Kg7 26. Rg6+ Kh8 27. Rh6+ Kg8 28. Qg6+ 1-0


[Site "https://www.chess.com"]

[Event "Titled Tuesday Blitz February 15 Early 2022"]
[White "Dubov, Daniil"]
[Black "Matlakov, Maxim"]
[WhiteFideId "24126055"]
[BlackFideId "4168003"]
[WhiteElo "2791"]
[BlackElo "2661"]
[Result "1-0"]
[Round "10"]
[TimeControl "180+1"]
[Date "2022.02.15"]
[WhiteClock "0:00:05"]
[BlackClock "0:00:01"]

1. e4 c5 2. Nf3 e6 3. d4 cxd4 4. Nxd4 Nc6 5. Nc3 Qc7 6. Be3 a6 7. Bd3 Nf6 8. O-O h5 9. h3 b5 10. Nxc6 Qxc6 11. Re1 Bb7 12. a3 Rc8 13. Be2 Bc5 14. Bf3 Bxe3 15. Rxe3 e5 16. Qd2 d6 17. Rd1 Ke7 18. Rd3 Rhd8 19. Qg5 Kf8 20. Bxh5 a5 21. Rg3 Ne8 22. Nd5 Qd7 23. Bxf7 Qxf7 24. Rf3 Bxd5 25. Rxf7+ Bxf7 26. c3 Nf6 27. f3 b4 28. cxb4 axb4 29. axb4 Rc4 30. Qd2 Ne8 31. Rc1 Rd4 32. Qg5 Rb8 33. Ra1 Rdxb4 34. Ra7 R4b7 35. Rxb7 Rxb7 36. Qd2 Rb3 37. h4 g6 38. Kh2 Ke7 39. Kg3 Nf6 40. Kh2 Nh5 41. Qc2 Kd7 42. Qf2 Nf4 43. Kg3 Ke8 44. Kg4 Ke7 45. Kg5 Rb7 46. Qd2 Ne6+ 47. Kg4 Nd4 48. b4 Ne6 49. Qc3 Nd4 50. Kg5 Ne6+ 51. Kg4 Kf6 52. Qc6 Rxb4 53. Qxd6 Rb2 54. g3 Rg2 55. Kh3 Rg1 56. f4 exf4 57. gxf4 Rh1+ 58. Kg3 Rg1+ 59. Kh3 Rf1 60. Qe5+ Ke7 61. f5 gxf5 62. exf5 Rf4 63. fxe6 Bxe6+ 64. Kg3 Rg4+ 65. Kf3 Kf7 66. h5 Rc4 67. Ke3 Rh4 68. Qg5 Rh3+ 69. Kf4 Kf8 70. Qf6+ Bf7 71. Qh8+ Ke7 72. h6 Rh4+ 73. Kg5 Rh5+ 74. Kg4 Rh1 75. Qe5+ Kf8 76. Qg7+ Ke7 77. Kf4 Rf1+ 78. Ke3 Re1+ 79. Kd2 Rh1 80. h7 Rh2+ 81. Ke3 Rh3+ 82. Kf2 Rf3+ 83. Kxf3 1-0


[Site "https://www.chess.com"]

[Event "Titled Tuesday Blitz February 15 Early 2022"]
[White "Dushyant Sharma"]
[Black "Jaferian, Koosha"]
[WhiteFideId "25065130"]
[BlackFideId "12507440"]
[WhiteElo "2012"]
[BlackElo "2027"]
[Result "0-1"]
[Round "10"]
[TimeControl "180+1"]
[Date "2022.02.15"]
[WhiteClock "0:00:08"]
[BlackClock "0:00:11"]

1. e4 c6 2. d4 d5 3. exd5 cxd5 4. Bd3 Nc6 5. c3 Qc7 6. Ne2 Bg4 7. Na3 a6 8. Nc2 e6 9. Qd2 Bd6 10. Ng3 g6 11. Ne3 Bf5 12. Nexf5 gxf5 13. Qc2 Nge7 14. Bd2 h5 15. O-O-O h4 16. Ne2 h3 17. g3 O-O-O 18. f4 Kb8 19. Kb1 Rc8 20. Ng1 Na5 21. Nf3 Ng8 22. Rhe1 Nf6 23. Ne5 Ne4 24. Bxe4 fxe4 25. b3 f5 26. Ka1 Nc6 27. Rc1 Nxd4 28. Qb2 Nc6 29. Nxc6+ Qxc6 30. c4 Qd7 31. Bc3 Rhg8 32. cxd5 exd5 33. Red1 Qe6 34. Qd2 Ba3 35. Rc2 Rgd8 36. Be5+ Ka8 37. Rxc8+ Rxc8 38. Qa5 Bc5 39. Kb1 Bf2 40. Rxd5 Qc6 41. Bb2 e3 42. a3 e2 43. Re5 e1=Q+ 44. Rxe1 Bxe1 45. Qxe1 Qc2+ 46. Ka2 Qxh2 47. Qe6 Qc2 48. a4 h2 49. Qh6 Qg2 50. Qe6 Rb8 51. Ka3 h1=Q 52. Bd4 Qc6 0-1


[Site "https://www.chess.com"]

[Event "Titled Tuesday Blitz February 15 Early 2022"]
[White "Fajdetic, Hrvoje"]
[Black "Bodnaruk, Anastasia"]
[WhiteFideId "14501945"]
[BlackFideId "4181751"]
[WhiteElo "2140"]
[BlackElo "2393"]
[Result "0-1"]
[Round "10"]
[TimeControl "180+1"]
[Date "2022.02.15"]
[WhiteClock "0:00:09"]
[BlackClock "0:00:56"]

1. d4 Nf6 2. Bf4 g6 3. Nc3 d5 4. e3 Bg7 5. h4 h5 6. Nf3 O-O 7. Ne5 c5 8. f3 Nc6 9. Qd2 cxd4 10. exd4 Bf5 11. g4 hxg4 12. fxg4 Nxe5 13. Bxe5 Nxg4 14. Bxg7 Kxg7 15. h5 Rh8 16. O-O-O e6 17. Bh3 gxh5 18. Rdg1 Qf6 19. Kb1 Rac8 20. Ka1 b5 21. a3 a5 22. Nxb5 Rxc2 23. Qxa5 Rhc8 24. Bg2 Qg5 25. Nd6 Rc1+ 26. Ka2 Bb1+ 27. Kb3 Qe3+ 28. Ka4 Bc2+ 29. Kb5 Qb3+ 30. Qb4 Rb8+ 0-1


[Site "https://www.chess.com"]

[Event "Titled Tuesday Blitz February 15 Early 2022"]
[White "Fernandez, Michael"]
[Black "Dronavalli, Harika"]
[WhiteFideId "5803560"]
[BlackFideId "5015197"]
[WhiteElo "2110"]
[BlackElo "2382"]
[Result "1-0"]
[Round "10"]
[TimeControl "180+1"]
[Date "2022.02.15"]
[WhiteClock "0:00:26"]
[BlackClock "0:00:54"]

1. c4 b6 2. Nc3 Bb7 3. e4 e6 4. g3 f5 5. d3 Bb4 6. Bd2 Nf6 7. Bg2 O-O 8. Qe2 fxe4 9. Nxe4 Bxd2+ 10. Qxd2 d5 11. Nxf6+ Qxf6 12. Nh3 Nd7 13. O-O Ne5 14. Rae1 Rae8 15. f4 Nf7 16. d4 Nd6 17. c5 bxc5 18. dxc5 Nc4 19. Qc2 Ba6 20. Rf2 Qd4 21. b4 Rb8 22. Ng5 Bc8 23. Qxh7# 1-0


[Site "https://www.chess.com"]

[Event "Titled Tuesday Blitz February 15 Early 2022"]
[White "Ferreira, Vitor Hugo Vieira"]
[Black "Cherniaiev, Tykhon"]
[WhiteFideId "2119765"]
[BlackFideId "14182360"]
[WhiteElo "2216"]
[BlackElo "2289"]
[Result "0-1"]
[Round "10"]
[TimeControl "180+1"]
[Date "2022.02.15"]
[WhiteClock "0:00:08"]
[BlackClock "0:00:09"]

1. Nf3 Nf6 2. g3 d5 3. Bg2 Bf5 4. O-O c6 5. c4 e6 6. cxd5 exd5 7. d3 Be7 8. Nc3 h6 9. Nd4 Bh7 10. e4 dxe4 11. dxe4 O-O 12. e5 Nd5 13. Nxd5 cxd5 14. e6 Nc6 15. exf7+ Rxf7 16. Ne6 Qb6 17. Bxd5 Nb4 18. Bb3 Bc2 19. Bxc2 Nxc2 20. Qxc2 Qxe6 21. Bd2 Rc8 22. Bc3 Bc5 23. Rae1 Qh3 24. Qe4 Rcf8 25. Qg2 Qg4 26. Kh1 Bxf2 27. Re4 Qg6 28. Rf4 Be3 29. Rxf7 Rxf7 30. Rxf7 Qxf7 31. h4 Qxa2 32. Qxb7 Qb1+ 33. Kg2 Qg1+ 34. Kh3 Qf1+ 35. Qg2 Qf5+ 36. g4 Qd7 37. Qe4 Bb6 38. Kg2 Qf7 39. Qf3 Qe6 40. g5 hxg5 41. hxg5 Qg6 42. Qd5+ Kh7 43. Kg3 Qc2 44. Kf4 Qf2+ 45. Kg4 Qe2+ 46. Qf3 Qxf3+ 47. Kxf3 Kg6 48. Bd2 Kf5 49. b3 Bd8 50. Be3 a6 51. Bd4 g6 52. Ke2 Bxg5 53. Kd3 Bf6 54. Bg1 g5 55. Kc4 Ke4 56. Kc5 Bc3 57. Kb6 a5 58. Kb5 Kf3 59. Bb6 g4 60. Kc4 Bb4 61. Kb5 g3 62. Bxa5 Bxa5 63. Kxa5 g2 64. b4 g1=Q 65. b5 Qa7+ 66. Kb4 Ke4 67. b6 Qxb6+ 68. Kc3 Kd5 69. Kd2 Qb3 70. Ke1 Kd4 71. Kf1 Ke3 72. Kg1 Kf3 0-1


[Site "https://www.chess.com"]

[Event "Titled Tuesday Blitz February 15 Early 2022"]
[White "Gabrielian, Artur"]
[Black "Rodchenkov, Sergey D."]
[WhiteFideId "4131002"]
[BlackFideId "4168712"]
[WhiteElo "2440"]
[BlackElo "2306"]
[Result "1-0"]
[Round "10"]
[TimeControl "180+1"]
[Date "2022.02.15"]
[WhiteClock "0:01:19"]
[BlackClock "0:00:23"]

1. d4 d5 2. c4 dxc4 3. Nf3 Nf6 4. e3 e6 5. Bxc4 c5 6. O-O a6 7. dxc5 Bxc5 8. Qxd8+ Kxd8 9. b3 Ke7 10. Bb2 Nc6 11. Nc3 Bd7 12. Rac1 Rac8 13. Na4 Ba7 14. Ba3+ Ke8 15. Nc5 Bxc5 16. Bxc5 Ne4 17. Ba3 Ne7 18. Ne5 Bc6 19. Rfd1 Bd5 20. Bxd5 Rxc1 21. Rxc1 exd5 22. Rc7 Ng6 23. Nxg6 1-0


[Site "https://www.chess.com"]

[Event "Titled Tuesday Blitz February 15 Early 2022"]
[White "Galchenko, Matvey"]
[Black "Vlassov, Nikolai"]
[WhiteFideId "24175480"]
[BlackFideId "4103360"]
[WhiteElo "2453"]
[BlackElo "2407"]
[Result "1-0"]
[Round "10"]
[TimeControl "180+1"]
[Date "2022.02.15"]
[WhiteClock "0:00:06"]
[BlackClock "0:00:06"]

1. f4 g6 2. Nf3 Bg7 3. g3 c6 4. Bg2 d5 5. O-O Qb6+ 6. d4 Nf6 7. c4 dxc4 8. Nc3 O-O 9. e3 c5 10. d5 Bf5 11. Ne5 Qa6 12. e4 Bc8 13. Be3 Nfd7 14. Nf3 b5 15. a3 Qb7 16. e5 b4 17. Ne4 Na6 18. Nfd2 c3 19. bxc3 bxc3 20. Nxc3 Qb8 21. Nc4 Nb6 22. Na5 Bd7 23. Qe2 Nc7 24. Bxc5 Re8 25. Rac1 Na4 26. Nxa4 Bxa4 27. Rfe1 Qd8 28. Qe4 Rc8 29. Qxa4 Na6 30. Bf2 Rxc1 31. Rxc1 f6 32. Nc6 Qd7 33. e6 Qb7 34. Na5 Qb2 35. Qxe8+ Bf8 36. Qf7+ Kh8 37. Qxf8# 1-0


[Site "https://www.chess.com"]